 Dungeon Crawl Stone Soup version 0.29.1-4-g47bece8355 (webtiles) character file.

Game seed: 9413981437866149181

63 ChadusMaximus the Caller (level 4, 0/30 HPs)
             Began as a Human Summoner on Dec 8, 2022.
             Succumbed to a scorpion's poison
             ... on level 3 of the Dungeon.
             The game lasted 00:03:26 (2889 turns).

ChadusMaximus the Caller (Human Summoner)           Turns: 2889, Time: 00:03:27

Health: 0/30       AC:  3    Str:  9    XL:     4   Next: 31%
Magic:  2/7        EV: 12    Int: 17    God:
Gold:   82         SH:  0    Dex: 13    Spells: 2/8 levels left

rFire   . . .      SeeInvis .   n - +2 spear (venom)
rCold   . . .      Faith    .   (no shield)
rNeg    + . .      Spirit   .   a - +0 robe
rPois   .          Reflect  .   (no helmet)
rElec   .          Harm     .   (no cloak)
rCorr   .          Rampage  .   (no gloves)
Will    +....                   h - +0 pair of boots
Stlth   +.........              (no amulet)
HPRegen 0.10/turn               e - ring of willpower
MPRegen 0.10/turn               i - ring of positive energy

@: lethally poisoned (0 -> -2), silenced
A: no striking features
a: no special abilities


You were on level 3 of the Dungeon.
You visited 1 branch of the dungeon, and saw 3 of its levels.

You collected 82 gold pieces.

Inventory:

Hand Weapons
 f - a +0 dagger
 n - a +2 spear of venom (weapon)
Armour
 a - a +0 robe (worn)
 h - a +0 pair of boots (worn)
Jewellery
 e - a ring of willpower (left hand)
 i - a ring of positive energy (right hand)
Wands
 m - a wand of iceblast (6)
Scrolls
 c - a scroll of teleportation {unknown}
 d - 8 scrolls of identify {unknown}
 g - a scroll of poison {unknown}
 k - a scroll of vulnerability {unknown}
 q - a scroll of silence
Potions
 b - a potion of magic
 j - a potion of might {unknown}
 l - a potion of heal wounds {unknown}
 o - 2 potions of lignification {unknown}
 p - a potion of ambrosia {unknown}


   Skills:
 + Level 2.7 Dodging
 + Level 2.8 Stealth
 + Level 2.5 Spellcasting
 + Level 4.4 Summonings


You had 2 spell levels left.
You knew the following spells:

 Your Spells              Type           Power      Damage    Failure   Level
a - Summon Small Mammal   Summ           68%        N/A       3%          1
b - Call Canine Familiar  Summ           17%        N/A       9%          3
c - Call Imp              Summ           17%        N/A       4%          2

Your spell library contained the following spells:

 Spells                   Type           Power      Damage    Failure   Level
 Apportation              Tloc           4%         N/A       19%         1
 Necrotise                Necr           8%         1d4       19%         1
 Summon Guardian Golem    Hex/Summ       9%         N/A       22%         3
 Summon Lightning Spire   Summ/Air       9%         N/A       58%         4


Dungeon Overview and Level Annotations

Branches:
Dungeon (3/15)

Altars:

Shops:
D:2 ?

Annotations:
D:3 Grinder


Message History

The scorpion barely misses you.
Magic scrolls do not work when you're silenced!
The rat attacks as you move away! The rat bites you but does no damage.
The scorpion attacks as you move away! The scorpion closely misses you.
Your hound bites Grinder.
Grinder hits your hound but does no damage.
Your white imp closely misses Grinder.
Your hound bites Grinder.
Magic scrolls do not work when you're silenced!
Magic scrolls do not work when you're silenced!
Grinder gestures at your hound.
Your hound struggles to resist.
Your hound bites Grinder but does no damage.
Your white imp gestures at Grinder.
The puff of frost hits Grinder.
Grinder resists.
A quokka comes into view.
Your hound bites Grinder but does no damage.
Grinder misses your hound.
Your hound bites Grinder.
The scorpion stings you.
You are poisoned.
The scorpion poisons you! The scorpion attacks as you move away!
The scorpion stings you. The rat attacks as you move away!
The rat bites you but does no damage.
You feel very sick. The scorpion attacks as you move away!
The scorpion barely misses you.
Found 11 gold pieces.
You feel sick. The rat attacks as you move away! The rat bites you.
* * * LOW HITPOINT WARNING * * *
The scorpion attacks as you move away! The scorpion barely misses you.
* * * LOW HITPOINT WARNING * * *
You feel sick.
Found a falchion.
* * * LOW HITPOINT WARNING * * *
You feel sick.
* * * LOW HITPOINT WARNING * * *
You feel sick. The scorpion stings you.
* * * LOW HITPOINT WARNING * * *
* * * LOW HITPOINT WARNING * * *
You feel sick. The scorpion attacks as you move away!
The scorpion closely misses you.
You die...

... ... .. ### ### .#
#.. ..# ##r# #.# #
..#### #..# #)###$##...
.....####.####s.@.......
........5...r..#.#####..
...........###...#
.5...#..........##
†h...............#
....#.............#
....##.....)....#...
................####.
.................


You could see a scorpion and a rat.

Vanquished Creatures
  An adder (D:2)
  2 ball pythons (D:2)
  3 endoplasms
  2 giant cockroaches
  3 hobgoblins
  A bat (D:2)
  A frilled lizard (D:1)
  A goblin (D:1)
  2 kobolds (D:2)
16 creatures vanquished.

Vanquished Creatures (collateral kills)
  An adder (D:2)
  3 worms
  2 dart slugs
  An endoplasm (D:1)
  A goblin (D:1)
  2 kobolds (D:1)
  A ball python (D:1)
  4 bats
  A rat (D:1)
16 creatures vanquished.

Vanquished Creatures (others)
  2 demonic plants (D:1)
2 creatures vanquished.

Grand Total: 34 creatures vanquished

Notes
Turn   | Place    | Note
-------+----------+-------------------------------------------
     0 | D:1      | ChadusMaximus the Human Summoner began the quest for the
                  | Orb.
     0 | D:1      | Reached XP level 1. HP: 13/13 MP: 3/3
   194 | D:1      | You fall into a shaft and drop 1 floor!
   439 | D:1      | Reached XP level 2. HP: 19/19 MP: 1/5
   908 | D:1      | Found a faded altar of an unknown god.
  1833 | D:2      | Reached XP level 3. HP: 24/24 MP: 4/6
  1837 | D:2      | Learned a level 3 spell: Call Canine Familiar
  1840 | D:2      | Learned a level 2 spell: Call Imp
  2341 | D:2      | Found Bipp's Magic Scroll Emporium.
  2355 | D:2      | Reached XP level 4. HP: 30/30 MP: 3/7
  2851 | D:3      | Noticed Grinder
  2866 | D:3      | Noticed a scorpion
  2888 | D:3      | HP: 1/30 [poisoned by a scorpion]
  2889 | D:3      | Succumbed to a scorpion's poison

Illustrated notes

Levels and vault maps discovered:
D:1:      psy_arrival_terrarium, layout_loops_ring,
          shapermc_ecumenical_altar_flowoftime, dreamdust_princess_corridor
D:2:      layout_rooms, serial_shops, shop, corexii_corridor_pit
D:3:      layout_rooms, ebering_ghost_reflecting_pool, minivault_24, hex_large,
          grunt_ministairs_13, corexii_corridor_pit, grunt_decor_fettered,
          minmay_splitting_lines, uniq_grinder

Action                   |  1- 3 |  4- 6 || total
-------------------------+-------+-------++-------
Melee: Dagger            |    54 |     2 ||    56
       Unarmed           |     3 |       ||     3
       Spear             |       |    21 ||    21
 Cast: Summon Small Mamm |    14 |     3 ||    17
       Call Canine Famil |     5 |     3 ||     8
       Call Imp          |       |     1 ||     1
  Use: Scroll            |       |     1 ||     1
 Stab: Sleeping          |     1 |     3 ||     4
Armor: Robe              |    22 |     7 ||    29
Dodge: Dodged            |    51 |    17 ||    68
